 Dungeon Sprint DCSS version 0.26-a0-1033-gd598b01645 (webtiles) character file.

Game seed: 15900251678988026241

3119 sahdkjhfkaj the Geomancer (level 9, -1/75 HPs)
             Began as a Troll Transmuter on Dec 11, 2020.
             Was an Initiate of Gozag.
             Slain by a yaktaur captain (16 damage)
             ... in the Dungeon (Sprint V: "Ziggurat Sprint").
             The game lasted 00:02:22 (698 turns).

sahdkjhfkaj the Geomancer (Troll Transmuter)         Turns: 698, Time: 00:02:23

Health: -1/75      AC: 21    Str: 32    XL:     9   Next: 60%
Magic:  20/20      EV: -1    Int: 12    God:    Gozag
Gold:   586        SH: 29    Dex: 10    Spells: 23/24 levels left

rFire    + . .     SeeInvis .     - Unarmed
rCold    + . .     Faith    .   B - +18 shield of the Gong {rElec rN+ Will+ EV-5}
rNeg     + . .     Spirit   .   C - +5 gold dragon scales
rPois    +         Reflect  .   (helmet restricted)
rElec    +         Harm     .   (no cloak)
rCorr    .         Rampage  .   (gloves unavailable)
Will     +....     NoTele   +   (boots unavailable)
Stlth    ..........             (no amulet)
HPRegen  0.62/turn              z - +6 ring of strength
MPRegen  0.17/turn              y - +6 ring of strength

@: gold aura
A: large, unfitting armour, claws 3, regeneration 1, shaggy fur 1, tough skin 3
a: Potion Petition, Call Merchant, Bribe Branch, Renounce Religion


You were in the Dungeon.
You worshipped Gozag.
Gozag was pleased with you.
You visited 1 branch You collected 1305 gold pieces.
You paid 719 gold pieces to Gozag.

Inventory:

Armour
 a - a +0 robe
 B - the +18 shield of the Gong (worn) {rElec rN+ Will+ EV-5}
   (You found it in the Dungeon)

   It affects your evasion (-5).
   It insulates you from electricity.
   It protects you from negative energy.
   It affects your willpower, your defense against some magical effects.
 C - +5 gold dragon scales (worn)
Jewellery
 t - a +6 ring of intelligence
 u - an uncursed ring of flight
 v - a +6 ring of dexterity
 w - a +6 ring of dexterity
 y - a +6 ring of strength (right claw)
 z - a +6 ring of strength (left claw)
 T - a +6 ring of intelligence
Wands
 k - a wand of disintegration (7)
 s - a wand of iceblast (7) {@v4}
 x - a wand of acid (7) {@v2}
Scrolls
 h - 4 scrolls of blinking {@r4}
 m - 4 scrolls of amnesia
 n - 7 scrolls of fog
 o - a scroll of holy word
 p - 5 scrolls of identify {@r1}
 q - 5 scrolls of remove curse {@r2}
 r - 2 scrolls of fear
Potions
 b - 2 potions of brilliance
 c - 9 potions of curing {@q1}
 d - 6 potions of heal wounds {@q2}
 e - 5 potions of haste {@q3}
 f - 7 potions of magic
 g - 2 potions of berserk rage
 i - 2 potions of invisibility
 j - 4 potions of resistance {@q6}
 l - 4 potions of might {@q4}
Miscellaneous
 A - a lightning rod (4/4)
 D - a tin of tremorstones (2/2)


   Skills:
 - Level 0.7 Fighting
 - Level 1.5 Dodging
 + Level 7.1 Shields
 - Level 3.0 Unarmed Combat
 + Level 8.0 Spellcasting
 + Level 9.5 Transmutations
 + Level 11.0 Earth Magic


You had 23 spell levels left.
You knew the following spells:

 Your Spells              Type           Power        Failure   Level
a - Beastly Appendage     Tmut           ####..       22%         1

Your spell library contained the following spells:

 Spells                   Type           Power        Failure   Level
 Wereblood                Tmut           ####....     32%         2
 Spider Form              Tmut/Pois      ###.......   99%         3
 Blade Hands              Tmut           ####......   99%         5
 Apportation              Tloc           #.....       100%        1
 Poisonous Vapours        Pois/Air       #.....       100%        2
 Conjure Flame            Conj/Fire      #.......     100%        3
 Lesser Beckoning         Tloc           #.........   100%        3
 Mephitic Cloud           Conj/Pois/Air  #.......     100%        3
 Ice Form                 Ice/Tmut       ###.....     100%        4
 Freezing Cloud           Conj/Ice/Air   #.........   100%        6
 Malign Gateway           Summ/Tloc      #.........   100%        7
 Disjunction              Tloc           #.........   100%        8


Dungeon Overview and Level Annotations

Branches:
Dungeon (1/1)

Altars:
Ashenzari
Cheibriados
Dithmenos
Elyvilon
Fedhas
Gozag
Hepliaklqana
Kikubaaqudgha
Makhleb
Nemelex Xobeh
Okawaru
Qazlal
Ru
Sif Muna
Trog
Uskayaw
Vehumet
Wu Jian
Xom
Yredelemnul
Zin
The Shining One
Beogh
Jiyva
Lugonu

Shops:
D !

Annotations:
D 1 transporter


Innate Abilities, Weirdness & Mutations

You are too large for most types of armour.
You have claws for hands.
Your natural rate of healing is unusually fast.
You are covered in fur. (AC +1)
You have extremely tough skin. (AC +3)


Message History

The yaktaur captain is lightly wounded.
You block the centaur's attack.
BOUMMMMG!
You block the yaktaur's attack.
PANG!
You block the yaktaur captain's attack.
PANG!
You block the yaktaur's attack.
GONNNNG!
The centaur hits you but does no damage.
Unknown command.
You barely miss the yaktaur captain.
The yaktaur captain is lightly wounded.
You block the yaktaur's attack.
SHROANNG!
You block the centaur's attack.
GONNNNG!
The yaktaur captain hits you!
You die...
Your body crumbles into a pile of gold.

▓........▓........▓
▓.▓....▓.▓.▓....▓.▓
▓...©....▓...©....▓
▓▓▓▓▓▓▓▓▓▓▓▓▓▓▓▓▓▓▓
▓..8©8..▓ ▓..=}=..▓
▓..[[:..▓ ▓..ccc..▓
▓..c@$..▓ ▓...(...▓
▓...(...▓ ▓.▓.(.▓.▓
▓...©...▓ ▓▓▓▓▓▓▓▓▓


You could see a yaktaur captain, 2 yaktaurs and a centaur.

Vanquished Creatures
  4 toenail golems (D)
  2 cyclopes (D)
  A tarantella (D)
  2 spriggans (D)
  3 eyes of draining (D)
  2 wolves (D)
  3 scorpions (D)
  2 oozes (D)
  A jackal (D)
20 creatures vanquished.

Notes
Turn   | Place    | Note
-------+----------+-------------------------------------------
     0 | D        | sahdkjhfkaj the Troll Transmuter began the quest for the
                  | Orb.
     0 | D        | Reached XP level 1. HP: 18/18 MP: 1/1
     0 | D        | Found a shimmering blue altar of Sif Muna.
     0 | D        | Found a sacrificial altar of Ru.
     0 | D        | Found a bloodstained altar of Trog.
     0 | D        | Found a stormy altar of Qazlal.
     0 | D        | Found an iron altar of Okawaru.
     0 | D        | Found a sparkling altar of Nemelex Xobeh.
     0 | D        | Found a blossoming altar of Fedhas.
     1 | D        | Found the +6 Majin-Bo {vamp, MP+6 Int+6}
     1 | D        | Found the +9 heavy crossbow "Sniper" {vorpal, Acc+∞ SInv}
     1 | D        | Found the +10 dark maul {vorpal}
     1 | D        | Found the +15 Maxwell's patent armour {-Cast -Tele rElec
                  | Will+ rCorr}
     1 | D        | Found the +18 shield of the Gong {rElec rN+ Will+ EV-5}
     1 | D        | Found the cursed +14 obsidian axe {vorpal, +Fly SInv
                  | *Curse}
     1 | D        | Found the +7 great mace "Firestarter" {inner flame, rF++}
     1 | D        | Found the +6 shillelagh "Devastator" {shatter}
     1 | D        | Found the +11 plutonium sword {*Contam Stlth-}
     1 | D        | Found the +8 lance "Wyrmbane" {slay drac, rPois rF+ rC+
                  | AC+3}
     1 | D        | Found the +9 sword of Zonguldrok {reap}
     1 | D        | Found the cursed +13 scythe of Curses {drain, *Curse}
     1 | D        | Found the +0 sword of Power
     1 | D        | Found the +7 mace of Variability {chain chaos}
     1 | D        | Found the +7 Singing Sword {vorpal, sonic wave}
     1 | D        | Found the +8 storm bow {elec, penet}
     2 | D        | Found a transporter.
     2 | D        | Found an ancient bone altar of Kikubaaqudgha.
     2 | D        | Found a viscous altar of Jiyva.
     2 | D        | Found a corrupted altar of Lugonu.
     2 | D        | Found a hazy altar of Hepliaklqana.
     2 | D        | Found a burning altar of Makhleb.
     2 | D        | Found an opulent altar of Gozag.
     5 | D        | Reached skill level 3 in Earth Magic
     5 | D        | Reached XP level 2. HP: 26/26 MP: 1/4
   214 | D        | Became a worshipper of Gozag Ym Sagoz the Greedy
   260 | D        | Entered arena 2.
   260 | D        | Noticed a wolf
   260 | D        | Found a transporter.
   266 | D        | Killed a wolf
   267 | D        | Reached skill level 5 in Earth Magic
   267 | D        | Reached XP level 3. HP: 32/32 MP: 5/7
   267 | D        | Reached XP level 4. HP: 40/40 MP: 5/8
   294 | D        | Entered arena 3.
   294 | D        | Noticed a spriggan
   294 | D        | Noticed a spriggan
   294 | D        | Noticed a wolf
   294 | D        | Found a transporter.
   308 | D        | Killed a spriggan
   309 | D        | Reached skill level 5 in Transmutations
   309 | D        | Reached skill level 6 in Earth Magic
   309 | D        | Reached XP level 5. HP: 34/46 MP: 9/11
   331 | D        | Killed a spriggan
   332 | D        | Reached skill level 5 in Spellcasting
   332 | D        | Reached skill level 7 in Earth Magic
   332 | D        | Reached XP level 6. HP: 37/54 MP: 11/13
   345 | D        | Got the Handbook of the Voyage
   364 | D        | Entered arena 4.
   364 | D        | Noticed a tarantella
   364 | D        | Found a transporter.
   376 | D        | Killed a tarantella
   377 | D        | Reached skill level 8 in Earth Magic
   377 | D        | Reached XP level 7. HP: 61/61 MP: 14/14
   424 | D        | Entered arena 5.
   424 | D        | Noticed a toenail golem
   424 | D        | Noticed a toenail golem
   424 | D        | Noticed a toenail golem
   424 | D        | Noticed a toenail golem
   424 | D        | Found a transporter.
   440 | D        | Killed a toenail golem
   441 | D        | Reached skill level 9 in Earth Magic
   441 | D        | Reached XP level 8. HP: 63/68 MP: 16/16
   457 | D        | Killed a toenail golem
   477 | D        | Killed a toenail golem
   478 | D        | Reached skill level 5 in Shields
   478 | D        | Reached skill level 10 in Earth Magic
   492 | D        | Killed a toenail golem
   493 | D        | Reached XP level 9. HP: 70/75 MP: 17/19
   512 | D        | Entered arena 6.
   512 | D        | Found a transporter.
   656 | D        | Got the Volume of Spatial Creation
   659 | D        | Entered arena 7.
   659 | D        | Noticed a yaktaur captain
   659 | D        | Noticed a cyclops
   659 | D        | Noticed a yaktaur
   659 | D        | Noticed a yaktaur
   659 | D        | Noticed a cyclops
   660 | D        | Found the +10 Black Knight's barding {ponderous, rPois rN+}
   660 | D        | Found a transporter.
   670 | D        | Killed a cyclops
   684 | D        | Killed a cyclops
   685 | D        | Reached skill level 11 in Earth Magic
   698 | D        | Slain by a yaktaur captain

Illustrated notes

Levels and vault maps discovered:
D:        sprint_v [room_start, room_1, room_2, room_3, room_4, room_5, room_6,
          room_7, room_8, room_9, room_10, room_11, room_12, room_13, room_14,
          room_15, room_16, room_17, room_18, room_19, room_20, room_21,
          room_22, room_23, room_24, room_25, room_26, room_27]

Skill      XL: |  1  2  3  4  5  6  7  8  9 |
---------------+----------------------------+-----
Spellcasting   | 2 3 4 5 6 7 8 |  8.0
Transmutations | 3 4 5 6 7 8 9 |  9.5
Earth Magic    | 3 5 6 7 8 9 10 11 | 11.0
Shields        | 2 4 6 7 |  7.1
Fighting       | |  0.7
Dodging        | |  1.5
Unarmed Combat | |  3.0

Action                   |  1- 3 |  4- 6 |  7- 9 || total
-------------------------+-------+-------+-------++-------
Melee: Unarmed           |     6 |    54 |   129 ||   189
Invok: Call Merchant     |       |       |     1 ||     1
  Use: Potion            |     2 |     3 |     4 ||     9
 Stab: Distracted        |       |       |     1 ||     1
Armor: Gold dragon scale |     4 |    31 |    67 ||   102
Dodge: Dodged            |       |     1 |     2 ||     3
Block: Kite shield       |    12 |    84 |   226 ||   322

Table legend: (Time is in decaauts)
 A = Elapsed time spent in this place.
 B = Non-inter-level travel time spent in this place.
 C = Inter-level travel time spent in this place.
 D = Time resting spent in this place.
 E = Time spent auto-exploring this place.
 F = Levels seen in this place.
 G = Mean time per level.
                   A        B        C        D        E       F      G
               +--------+--------+--------+--------+--------+-----+--------+
         Total |    689 |    689 |      0 |    218 |    122 |   1 |  689.0 |
       Dungeon |    689 |    689 |      0 |    218 |    122 |   1 |  689.0 |
               +--------+--------+--------+--------+--------+-----+--------+

Top non-repeatable levels by time:
       D: 689 daAuts
